 Dungeon Crawl Stone Soup version 0.30-a0-622-gddc90eaa04 (webtiles) character file.

Game seed: 6051644006213505435

9 Monkooky the Charlatan (level 1, 0/17 HPs)
             Began as a Demigod Artificer on Jan 10, 2023.
             Slain by a bat (1 damage)
             ... on level 1 of the Dungeon.
             The game lasted 00:00:46 (154 turns).

Monkooky the Charlatan (Demigod Artificer)           Turns: 154, Time: 00:00:47

Health: 0/17       AC:  3    Str: 13    XL:     1   Next: 93%
Magic:  3/3        EV: 11    Int: 13    God:
Gold:   11         SH:  0    Dex: 14    Spells: 0/0 levels left

rFire   . . .      SeeInvis .    f - +2 mace (protect)
rCold   . . .      Faith    .    (no shield)
rNeg    . . .      Spirit   .    b - +0 leather armour
rPois   .          Reflect  .    (no helmet)
rElec   .          Harm     .    (no cloak)
rCorr   .          Rampage  .    (no gloves)
Will    .....                    (no boots)
Stlth   +                        (no amulet)
HPRegen 0.22/turn                (no ring)
MPRegen 0.08/turn                (no ring)

@: no status effects
A: high MP 1, forlorn, divine attributes
a: no special abilities


You were on level 1 of the Dungeon.
You visited 1 branch of the dungeon, and saw 1 of its levels.

You collected 11 gold pieces.

Inventory:

Hand Weapons
 a - a +0 club
 f - a +2 mace of protection (weapon)
Armour
 b - a +0 leather armour (worn)
Wands
 c - a wand of flame (13) (quivered)
 d - a wand of charming (14)
 e - a wand of iceblast (4)


   Skills:
 + Level 1.8 Fighting
 - Level 1.8 Armour
 - Level 0.9 Dodging
 - Level 0.9 Stealth
 - Level 2.7 Evocations


You couldn't memorise any spells.
You didn't know any spells.
Your spell library was empty.

Dungeon Overview and Level Annotations

Branches:
Dungeon (1/15)


Innate Abilities, Weirdness & Mutations

You have an increased reservoir of magic. (+10% MP)
You shall have no god before yourself.
Your divine heritage dramatically boosts your attributes as you level up.


Message History

A kobold is nearby!
You hit the kobold.
Your weapon exudes an aura of protection.
The kobold is moderately wounded.
The kobold hits you but does no damage.
You hit the kobold.
You kill the kobold!
You see here a +0 dagger.
A goblin comes into view. It is wielding a +0 club.
A goblin is nearby!
Found a stone staircase leading down.
A bat comes into view.
A dart slug comes into view.
The dart slug moves out of view.
The goblin hits you but does no damage.
A jackal comes into view.
You barely miss the goblin.
The jackal barks!
You hear a shout! x2
The goblin barely misses you. The dart slug launches a dart at you.
The slug dart hits you. The goblin hits you with a +0 club.
* * * LOW HITPOINT WARNING * * *
You are too injured to fight recklessly!
Unknown command.
The goblin attacks as you move away! The goblin hits you with a +0 club.
* * * LOW HITPOINT WARNING * * *
Aiming: Charm
Press: ? - help, Shift-Dir - straight line, f - jackal
Aim: a jackal (chance to affect: 72%)
The jackal is charmed.
A jackal comes into view.
The bat hits you but does no damage. The goblin misses you.
Unknown command.
Aiming: Throw Flame
Press: ? - help, Q - select action, (/) - cycle Shift-Dir - straight line, f - goblin, p - jackal
Aim: a goblin, wielding a +0 club (64% to hit)
The puff of flame hits the goblin.
You kill the goblin!
The bat hits you.
You die...

.. ..##.### .. #h.#..>
... #..... ...#
..#.###.. #.#..?...
#.....#.. . #)h†).#K#..
#@....#.#.#
#.####b..).#.#.#
##.....)###.#.#.#######
..........#............
..........#..w.........
..........#.....K......
.........##.#..........
.........##.#.#........
######......#.#........


You could see a jackal, a bat and a friendly jackal (charmed).

Vanquished Creatures
  A dart slug (D:1)
  An endoplasm (D:1)
  3 kobolds (D:1)
  A ball python (D:1)
  A bat (D:1)
  A frilled lizard (D:1)
  2 goblins (D:1)
10 creatures vanquished.

Notes
Turn   | Place    | Note
-------+----------+-------------------------------------------
     0 | D:1      | Monkooky the Demigod Artificer began the quest for the Orb.
     0 | D:1      | Reached XP level 1. HP: 15/15 MP: 3/3
    92 | D:1      | Reached skill level 1 in Fighting
   154 | D:1      | Slain by a bat

Illustrated notes

Levels and vault maps discovered:
D:1:      dpeg_arrival_long_road, layout_basic, ebering_ecumenical_altar_rust,
          minmay_pentomino_s2

Skill      XL: |  1 |
---------------+----+-----
Fighting       | 1 |  1.8
Armour         | |  1.8
Dodging        | |  0.9
Stealth        | |  0.9
Evocations     | |  2.7

Action                   || total
-------------------------++-------
Melee: Club              ||    11
       Mace              ||    11
Evoke: Wand              ||     4
Armor: Leather armour    ||    11
Dodge: Dodged            ||    18

Table legend: (Time is in decaauts)
 A = Elapsed time spent in this place.
 B = Non-inter-level travel time spent in this place.
 C = Inter-level travel time spent in this place.
 D = Time resting spent in this place.
 E = Time spent auto-exploring this place.
 F = Levels seen in this place.
 G = Mean time per level.
                   A        B        C        D        E       F      G
               +--------+--------+--------+--------+--------+-----+--------+
         Total |    161 |    161 |      0 |      7 |     91 |   1 |  161.0 |
       Dungeon |    161 |    161 |      0 |      7 |     91 |   1 |  161.0 |
               +--------+--------+--------+--------+--------+-----+--------+

Top non-repeatable levels by time:
     D:1: 161 daAuts
